AoeStats
← 櫻道花炎

Arabia

509907345Analyzed
1v1 RM · 5d ago on Sep 28, 2026· 43m 20s· 2 players
Game mode
Random Map
Map size
Tiny (2 player)
Population
200
Speed
Normal
Resources
Standard
Victory
Conquest
Starting age
Dark Age
Ending age
Imperial Age
RankedLock teamsTeams togetherTeam positionsShared explorationLock speedFull tech treeHidden civsTurbo modeCheats
Victory
Defeat
🇹🇼 Britons · Taiwan
1416
+16
🇹🇷 Franks · Türkiye
1420
-16
櫻道花炎
5:30 Loom
9:14 Feudal Age
9:42 Double-Bit Axe
13:00 Horse Collar
13:21 Fletching
20:49 Castle Age
20:59 Wheelbarrow
20:20 Gold Mining
21:30 Bodkin Arrow
21:07 Crossbowman
22:29 Padded Archer Armor
25:38 Ballistics
26:50 Leather Archer Armor
28:27 Town Watch
39:37 Imperial Age
40:03 Town Patrol
40:21 Bracer
41:26 Chemistry
40:07 Treadmill Crane
41:05 Murder Holes
41:27 Arbalester
KillthemALL
6:30 Loom
9:07 Feudal Age
10:00 Double-Bit Axe
14:54 Fletching
19:27 Castle Age
18:49 Scale Barding Armor
20:28 Chain Barding Armor
22:06 Husbandry
23:04 Forging
25:02 Wheelbarrow
25:25 Gold Mining
27:49 Bow Saw
36:12 Gold Shaft Mining
38:15 Hand Cart
40:38 Iron Casting
Connection lost

Rejoining the realm…

Still unreachable

The connection could not be restored.

Session expired

The server has moved on; the page needs a fresh start.